 Dungeon Crawl Stone Soup version 0.20-a0-754-g13ddd6e (webtiles) character file.

7 Gorice the Sneak (level 2, 0/15 HPs)
             Began as a Kobold Enchanter on Feb 26, 2017.
             Slain by an ooze (2 damage)
             ... on level 1 of the Dungeon.
             The game lasted 00:01:31 (346 turns).

Gorice the Sneak (Kobold Enchanter)                  Turns: 346, Time: 00:01:31

Health: 0/15       AC:  2    Str:  5    XL:     2   Next: 10%
Magic:  5/5        EV: 15    Int: 16    God:
Gold:   37         SH:  0    Dex: 15    Spells: 4/5 levels left

rFire    . . .     SeeInvis .   a - +1 dagger
rCold    . . .     Gourm    .   b - +0 robe
rNeg     . . .     Faith    .   (shield restricted)
rPois    .         Spirit   .   (no helmet)
rElec    .         Reflect  .   (no cloak)
rCorr    .         Harm     .   (no gloves)
MR       .....                  (no boots)
Stlth    +++.......             (no amulet)
Regen    0.1/turn               (no ring)
MPRegen  0.1/turn               (no ring)

@: about to teleport
A: carnivore 3
a: no special abilities


You were on level 1 of the Dungeon.
You were full.

You visited 1 branch of the dungeon, and saw 1 of its levels.

You collected 37 gold pieces.

Inventory:

Hand Weapons
 a - a +1 dagger (weapon)
 e - a +0 hunting sling
Armour
 b - a +0 robe (worn)
Scrolls
 i - a scroll of fear {unknown}
Books
 c - a book of Maledictions
Comestibles
 d - a meat ration {!e}
 f - a royal jelly


   Skills:
 + Level 1.8 Short Blades
 - Level 2.4 Dodging
 - Level 4.0 Stealth
 - Level 2.1 Spellcasting
 * Level 3.4 Hexes


You had 4 spell levels left.
You knew the following spells:

 Your Spells              Type           Power        Failure   Level  Hunger
a - Corona                Hex            ##.....      8%          1    #......


Dungeon Overview and Level Annotations

Branches:
Dungeon (1/15)

Altars:


Innate Abilities, Weirdness & Mutations

You are small and have problems with some larger weapons.
You are carnivorous and can eat meat at any time.


Message History

The ooze hits you.
Damage: 4 (max 4)
Casting: Corona
Confirm with . or Enter, or press ? or * to list all spells.
Aiming: Corona
Press: ? - help, Shift-Dir - straight line, f - ooze
Aim: an ooze (chance to defeat MR: 49%)
The ooze resists with significant effort.
You hit the ooze but do no damage. The ooze barely misses you.
Casting: Corona
Confirm with . or Enter, or press ? or * to list all spells.
Aiming: Corona
Press: ? - help, Shift-Dir - straight line, f/p - ooze
Aim: an ooze (chance to defeat MR: 49%)
The ooze is outlined in light.
The ooze barely misses you.
You hit the ooze.
The ooze is lightly wounded.
The ooze misses you.
You hit the ooze.
The ooze is moderately wounded.
The ooze closely misses you.
You hit the ooze.
The ooze is heavily wounded.
The ooze hits you.
* * * LOW HITPOINT WARNING * * *
Damage: 3 (max 4)
You hit the ooze.
The ooze is severely wounded.
The ooze hits you.
* * * LOW HITPOINT WARNING * * *
Damage: 3 (max 4)
You hit the ooze.
The ooze is severely wounded.
The ooze hits you but does no damage.
You hit the ooze.
The ooze is almost dead.
The ooze hits you.
* * * LOW HITPOINT WARNING * * *
Damage: 2 (max 4) Unknown command.
You see here a rat skeleton.
The ooze stops glowing.
As you read the scroll labeled KUOCIGROEMYO, it crumbles to dust.
The creatures around you are filled with an inner flame!
It was a scroll of immolation.
The ooze misses you.
There is an open door here.
As you read the scroll labeled KONY ANKIOHEGUOHE, it crumbles to dust.
You feel strangely unstable.
It was a scroll of teleportation.
The ooze hits you.
You die...

##.######.......##
## #.
##......#.....[...#
#...####.
#.......+.........+
.........
##......#.........#
.....###.#
#......g........#
#.# #..#
#..............##
#.# #.##
#.........#K..##
#.# #.#
####...#####J## #.#
##.# #...# #@####
#.# #..# #...#
#.##.####.# #.##
##.## ##.........#
##.#
#.#####...#.###.##
#..# #...........#
#.# ##.##
######....#.# #.#
#..# #......# #.#
#.## ###.####
#.###.#
#.######.##..#


You could see an ooze (inner flame) and a kobold.

Vanquished Creatures
  An ooze (D:1)
  A hobgoblin (D:1)
  A bat (D:1)
  A rat (D:1)
4 creatures vanquished.

Notes
Turn   | Place    | Note
-------+----------+-------------------------------------------
     0 | D:1      | Gorice the Kobold Enchanter began the quest for the Orb.
     0 | D:1      | Reached XP level 1. HP: 10/10 MP: 3/3
   200 | D:1      | Reached XP level 2. HP: 15/15 MP: 5/5
   325 | D:1      | HP: 3/15 [ooze (3)]
   327 | D:1      | HP: 1/15 [ooze (2)]
   346 | D:1      | Slain by an ooze

Vault maps used:
D:1:      lemuel_arrival_tunnels, st_stairs_4

Action                   || total
-------------------------++-------
Melee: Dagger            ||    18
 Cast: Corona            ||     4
  Use: Scroll            ||     2
 Stab: Sleeping          ||     2
  Eat: Chunk             ||     3
Armor: Robe              ||     1
Dodge: Dodged            ||    14

Table legend:
 A = Turns spent in this place as a percentage of turns spent in the entire game.
 B = Non-inter-level travel turns spent in this place as a percentage of non-inter-level travel turns spent in the entire game.
 C = Inter-level travel turns spent in this place as a percentage of turns spent in this place.
 D = Turns resting spent in this place as a percentage of non-inter-level travel turns spent in this place.
 E = Turns spent auto-exploring this place as a percentage of non-inter-level travel turns spent in this place.
 F = Non-inter-level travel turns spent in this place divided by the number of levels of this place that you've seen.
                   A       B       C       D       E      F
               +-------+-------+-------+-------+-------+----------------------
         Total | 100.0 | 100.0 |   0.0 |   0.0 |   6.9 | 130.0
       Dungeon | 100.0 | 100.0 |   0.0 |   0.0 |   6.9 | 130.0
               +-------+-------+-------+-------+-------+----------------------

Vault maps used:
D:1:      lemuel_arrival_tunnels, st_stairs_4
